 Dungeon Crawl Stone Soup version 0.19-a0-1384-gbb462ca (webtiles) character file.

1897 Amnesiac the Thrower (level 9, 0/84 HPs)
             Began as an Ogre Hunter on Sept 4, 2016.
             Was a Follower of Okawaru.
             Succumbed to a worker ant's poison
             ... on level 6 of the Dungeon.
             The game lasted 00:20:16 (8034 turns).

Amnesiac the Thrower (Ogre Hunter)                  Turns: 8034, Time: 00:20:16

Health: 0/84       AC:  3    Str: 16 (19) XL:     9   Next: 15%
Magic:  18/18      EV: 10    Int:  7 (10) God:    Okawaru [*.....]
Gold:   180        SH:  0    Dex: 12 (13) Spells: 2 memorised, 4 levels left

rFire  . . .     SeeInvis .     I - +2 dagger (drain)
rCold  . . .     Gourm    .     b - +0 robe
rNeg   . . .     Faith    .     (no shield)
rPois  .         Spirit   .     (helmet restricted)
rElec  .         Dismiss  .     (no cloak)
rCorr  +         Reflect  .     (gloves unavailable)
MR     .....     Harm     .     (boots unavailable)
Stlth  +.........               (no amulet)
                                q - ring of resist corrosion
                                r - ring of magical power

@: lethally poisoned (0 -> -20)
A: unfitting armour, tough skin 1
a: Heroism, Renounce Religion


You were on level 6 of the Dungeon.
You worshipped Okawaru.
Okawaru was aware of your devotion.
You were very hungry.

You visited 1 branch of the dungeon, and saw 6 of its levels.
You also visited: Sewer.

You collected 180 gold pieces.

Inventory:

Hand Weapons
 j - a +0 giant club
 v - a +2 antimagic flail
 y - a +3 mace of protection
 I - a +2 dagger of draining (weapon)
 K - a +0 morningstar
Missiles
 e - 172 stones (quivered)
Armour
 b - a +0 robe (worn)
 x - a +0 large shield
Jewellery
 h - an uncursed ring of flight
 q - a ring of resist corrosion (right hand)
 r - a ring of magical power (left hand)
 w - a +2 ring of dexterity {unknown}
Wands
 c - a wand of slowing (23/48)
 A - a wand of enslavement (3/24)
 B - a wand of paralysis (10/24)
 C - a wand of confusion (25/48)
Scrolls
 a - 2 scrolls of blinking
 i - 5 scrolls of remove curse
 k - 4 scrolls of teleportation
 t - a scroll of enchant weapon
 D - a scroll of enchant armour {unknown}
 F - a scroll of identify
 G - a scroll of fear {unknown}
 J - a scroll of amnesia {unknown}
Potions
 l - a potion of haste
 p - a potion of cancellation
 u - a potion of resistance
 z - a potion of might
Books
 g - a book of Air

   Spells                             Type                      Level
   a - Shock                          Conjuration/Air              1
   b - Swiftness                      Charms/Air                   2
   c - Repel Missiles                 Charms/Air                   2
   d - Static Discharge               Conjuration/Air              3
   e - Lightning Bolt                 Conjuration/Air              5
Comestibles
 f - 6 bread rations
 n - 2 meat rations
 s - 2 beef jerkies
 E - 2 slices of pizza


   Skills:
 - Level 4.0 Fighting
 + Level 11.8 Throwing
 - Level 1.7 Dodging
 - Level 0.7 Stealth


You had 4 spell levels left.
You knew the following spells:

 Your Spells              Type           Power        Failure   Level  Hunger
a - Repel Missiles        Chrm/Air       #.....       73%         2    ###....
b - Swiftness             Chrm/Air       #.......     73%         2    ###....


Dungeon Overview and Level Annotations

Branches:
Dungeon (6/15)             Temple (0/1) D:6

Altars:
Dithmenos
Makhleb
Okawaru
Trog
Uskayaw
Vehumet
Yredelemnul
The Shining One

Annotations:
D:3 Rationalist's ghost, amateur MiFi
D:4 Eustachio


Innate Abilities, Weirdness & Mutations

You are too large for most types of armour.
You have tough skin. (AC +1)


Message History

* * * LOW HITPOINT WARNING * * *
You feel sick. The worker ant bites you.
* * * LOW HITPOINT WARNING * * *
Unknown command.
Okay, then.
Okay, then.
Unknown command.
You barely miss the worker ant.
The worker ant is almost dead.
* * * LOW HITPOINT WARNING * * *
You feel sick. The worker ant bites you.
* * * LOW HITPOINT WARNING * * *
You are more poisoned.
The worker ant poisons you!
You hit the worker ant but do no damage.
You drain the worker ant!
You kill the worker ant!
Okawaru accepts your kill.
Your life force feels restored.
You die...

###.....# #.......# #####.###
#..##.# #......[# #...#....
##.##.###.......# #...#..##
#........###.#### #......##
#........###.# #...#####
#..........#.# ####...###..
#........#.#.# #.......##..
########.##.####.#.# #.......#..#
#...........# #@#.# #..)......##
.......##.#.####(#.###.........##
........#.......a..............#.
.................(...............
.......)##.###.##..#.............
............#..##.##.#...........
............########'##########..
.......#....#...............###..
#.....##....#...............#....


You could see a worker ant.

Vanquished Creatures
  The ghost of Amnesiac the Thrower, a novice OgHu of Fedhas (D:5)
  Grinder (D:4)
  A phantom (D:4)
  An ogre (D:4)
  A centaur (D:6)
  2 giant frogs (Sewer)
  A howler monkey (D:5)
  A giant frog zombie (D:5)
  2 hounds (D:5)
  3 orc priests
  A centaur skeleton (D:3)
  2 jellies (D:5)
  4 worker ants
  An orc wizard (D:4)
  A gnoll (D:5)
  10 adders
  2 river rats (D:3)
  13 oozes
  2 worms (D:2)
  2 dart slugs (D:1)
  14 giant geckos
  14 orcs
  17 giant cockroaches
  9 goblins
  10 hobgoblins
  4 jackals (D:2)
  2 quokkas
  12 ball pythons (Sewer)
  6 bats
  17 giant newts
  7 kobolds
  14 rats
178 creatures vanquished.

Vanquished Creatures (collateral kills)
  A scorpion (D:6)
1 creature vanquished.

Vanquished Creatures (others)
  2 killer bees (D:6)
2 creatures vanquished.

Grand Total: 181 creatures vanquished

Notes
Turn   | Place    | Note
-------+----------+-------------------------------------------
     0 | D:1      | Amnesiac the Ogre Hunter began the quest for the Orb.
     0 | D:1      | Reached XP level 1. HP: 22/22 MP: 1/1
    81 | D:1      | Reached XP level 2. HP: 31/31 MP: 2/2
   241 | D:1      | Reached XP level 3. HP: 14/37 MP: 3/3
  1156 | D:2      | Reached XP level 4. HP: 48/48 MP: 4/4
  1190 | D:2      | Reached skill level 5 in Throwing
  1210 | D:2      | Found a burning altar of Makhleb.
  1681 | D:3      | Noticed Rationalist's ghost (amateur MiFi)
  1718 | D:2      | Reached XP level 5. HP: 24/54 MP: 5/5
  2055 | D:3      | Reached skill level 6 in Throwing
  2084 | D:3      | Found a glowing drain.
  2093 | Sewer    | Entered a sewer
  2611 | Sewer    | Reached XP level 6. HP: 49/62 MP: 6/6
  3069 | Sewer    | Reached skill level 7 in Throwing
  3687 | D:4      | Noticed Grinder
  3694 | D:4      | Found a hide-covered altar of Uskayaw.
  3715 | D:4      | Killed Grinder
  3715 | D:4      | Reached skill level 8 in Throwing
  3715 | D:4      | Reached XP level 7. HP: 51/70 MP: 7/7
  3813 | D:4      | Found a basalt altar of Yredelemnul.
  3881 | D:4      | Found a shadowy altar of Dithmenos.
  3919 | D:5      | Entered Level 5 of the Dungeon
  3934 | D:5      | Reached skill level 9 in Throwing
  3995 | D:5      | Reached XP level 8. HP: 30/78 MP: 8/8
  4268 | D:5      | Noticed Eustachio
  4688 | D:5      | Noticed Amnesiac's ghost (novice OgHu)
  5356 | D:4      | Learned a level 2 spell: Repel Missiles
  5359 | D:4      | Learned a level 2 spell: Swiftness
  5518 | D:3      | Found a glowing golden altar of the Shining One.
  5841 | D:3      | Found a faded altar of an unknown god.
  5974 | D:5      | Reached skill level 10 in Throwing
  6090 | D:5      | Found an iron altar of Okawaru.
  6098 | D:5      | Became a worshipper of Warmaster Okawaru
  6221 | D:5      | Found a radiant altar of Vehumet.
  6408 | D:5      | Killed Amnesiac's ghost
  6408 | D:5      | Reached * piety under Okawaru
  6408 | D:5      | Reached skill level 11 in Throwing
  7031 | D:5      | Reached XP level 9. HP: 45/84 MP: 9/9
  7223 | D:5      | Found a bloodstained altar of Trog.
  7371 | D:6      | Found a runed door.
  7383 | D:6      | Found a runed door.
  7397 | D:6      | Found a staircase to the Ecumenical Temple.
  8033 | D:6      | HP: 1/84 [worker ant (4)]
  8034 | D:6      | Succumbed to a worker ant's poison

Vault maps used:
D:1:      eino_arrival_cavern_a, st_stairs_6
D:2:      nicolae_overflow_crystal_walls
D:3:      overflow_temple_1_default, ecumenical_altar_2, portal_sewer_entry_b,
          hex_tiny
D:4:      overflow_temple_1_default, kennysheep_mini, kennysheep_little_box,
          first_bread, uniq_grinder
D:5:      okawaru_altar_gauntlet_db, old_standard_altar, lightli_temple_of_fire,
          uniq_eustachio
D:6:      lemuel_insect_pit, dk_rats_in_the_wall
Sewer:    sewer_frog_island_02

Skill      XL: |  1  2  3  4  5  6  7  8 |
---------------+-------------------------+-----
Fighting       | 3 4 |  4.0
Throwing       | 5 6 8 9 11 | 11.8
Dodging        | |  1.7
Stealth        | |  0.7

Action                   |  1- 3 |  4- 6 |  7- 9 || total
-------------------------+-------+-------+-------++-------
Melee: Short sword       |    16 |       |       ||    16
       Dagger            |    17 |   235 |   245 ||   497
Throw: Stone             |   143 |   159 |   103 ||   405
       Large rock        |       |    17 |    11 ||    28
       Throwing net      |       |     3 |     3 ||     6
 Cast: Repel Missiles    |       |       |     2 ||     2
Invok: Heroism           |       |       |     1 ||     1
Evoke: Wand              |       |       |     3 ||     3
  Use: Scroll            |       |     9 |     2 ||    11
       Potion            |       |     2 |     6 ||     8
 Stab: Held in net/web   |       |     1 |       ||     1
       Invisible         |       |       |     2 ||     2
       Sleeping          |       |       |     1 ||     1
  Eat: Chunk             |     1 |     8 |     9 ||    18
       Bread ration      |       |       |     1 ||     1
Armor: Robe              |    22 |    85 |    88 ||   195
Dodge: Dodged            |    39 |   198 |   246 ||   483
       Deflected         |       |       |     1 ||     1
